 Dungeon Crawl Stone Soup version 0.25.1-2-g60ff931df9 (webtiles) character file.

Game seed: 3389229350567997992

105 flotson the Covered (level 4, -3/33 HPs)
             Began as a Demonspawn Wanderer on Oct 12, 2020.
             Slain by a worm (8 damage)
             ... on level 2 of the Dungeon.
             The game lasted 00:04:38 (1906 turns).

flotson the Covered (Demonspawn Wanderer)           Turns: 1906, Time: 00:04:39

Health: -3/33      AC:  8    Str: 14    XL:     4   Next: 53%
Magic:  4/4        EV:  9    Int:  9    God:
Gold:   69         SH:  4    Dex: 16    Spells: 3/3 levels left

rFire    . . .     SeeInvis .   a - +1 dagger (drain)
rCold    . . .     Gourm    .   d - +0 buckler
rNeg     + . .     Faith    .   l - +2 scale mail
rPois    .         Spirit   .   (no helmet)
rElec    .         Reflect  .   (no cloak)
rCorr    .         Harm     .   (no gloves)
MR       .....                  (no boots)
Stlth    ..........             (no amulet)
HPRegen  0.11/turn              m - ring of attention (curse)
MPRegen  0.09/turn              r - ring of positive energy

@: no status effects
A: hooves 1, powered by pain 1
a: no special abilities


You were on level 2 of the Dungeon.
You were not hungry.

You visited 1 branch of the dungeon, and saw 3 of its levels.

You collected 69 gold pieces.

Inventory:

Hand Weapons
 a - a +1 dagger of draining (weapon)
 b - a +0 hand crossbow
Missiles
 e - 33 poisoned darts (quivered)
Armour
 d - a +0 buckler (worn)
 l - a +2 scale mail (worn)
Jewellery
 g - an uncursed ring of magical power {unknown}
 m - a cursed ring of attention (left hand)
 r - a ring of positive energy (right hand)
Scrolls
 h - 2 scrolls of blinking {unknown}
 k - a scroll of enchant armour {unknown}
 q - 2 scrolls of identify {unknown}
 s - 2 scrolls of immolation {unknown}
Potions
 i - 2 potions of mutation {unknown}
 j - a potion of lignification {unknown}
 n - a potion of invisibility {unknown}
 o - a potion of degeneration {unknown}
 p - 3 potions of curing {unknown}
 t - a potion of might {unknown}
Comestibles
 f - 5 rations
 u - 4 chunks of flesh


   Skills:
 + Level 2.3 Fighting
 - Level 1.0 Crossbows
 - Level 1.0 Throwing
 + Level 3.3 Armour
 + Level 1.6 Dodging
 + Level 2.1 Shields
   Level 2.6 Charms


You had 3 spell levels left.
You didn't know any spells.
Your spell library was empty.

Dungeon Overview and Level Annotations

Branches:
Dungeon (3/15)

Altars:
Vehumet

Annotations:
D:2 Terence


Innate Abilities, Weirdness & Mutations

You have large cloven feet.
You sometimes gain a little power by taking damage.


Message History

You hit Terence.
Terence is lightly wounded.
Terence barely misses you.
You completely miss Terence.
Terence is lightly wounded.
You block Terence's attack. The worm barely misses you.
You hit Terence but do no damage. You drain Terence.
You kick Terence, but do no damage.
Terence is moderately wounded.
Terence closely misses you.
You hit Terence but do no damage.
Terence is moderately wounded.
The worm bites you!
* * * LOW HITPOINT WARNING * * *
Terence completely misses you.
You hit Terence but do no damage. You drain Terence.
You kick Terence, but do no damage.
Terence is moderately wounded.
The worm bites you!
You die...

################
#..............#
#.############.#
#.# #.### #.#
#.##. #.# #.##.
#w# #.... #@#
###.. #@# ##>#.
#.# ##.### #.#
#.## # #.#
##.### #.# ##.#.
#.# ##.. #.#
#######.. #.#
#........


You could see Terence (drained) and a worm (poisoned).

Vanquished Creatures
  A jelly (D:3)
  2 adders (D:2)
  A worm (D:3)
  2 leopard geckos
  An orc (D:3)
  3 bats
  3 giant cockroaches
  8 hobgoblins
  6 jackals
  3 ball pythons
  4 frilled lizards
  4 goblins
  5 kobolds
  5 rats
48 creatures vanquished.

Notes
Turn   | Place    | Note
-------+----------+-------------------------------------------
     0 | D:1      | flotson the Demonspawn Wanderer began the quest for the
                  | Orb.
     0 | D:1      | flotson set off with the following items: a +0 hand
                  | crossbow, a +2 scale mail, 30 bolts, a +0 buckler, a ration
     0 | D:1      | Reached XP level 1. HP: 15/15 MP: 1/1
   198 | D:1      | Gained mutation: You have large cloven feet. [demonic
                  | ancestry]
   198 | D:1      | Reached XP level 2. HP: 11/21 MP: 2/2
   741 | D:1      | Reached skill level 3 in Armour
   756 | D:1      | Reached skill level 1 in Dodging
   872 | D:2      | Found a radiant altar of Vehumet.
   883 | D:2      | Reached XP level 3. HP: 23/27 MP: 3/3
  1753 | D:3      | Gained mutation: You sometimes gain a little power by
                  | taking damage. [demonic ancestry]
  1753 | D:3      | Reached XP level 4. HP: 33/33 MP: 4/4
  1882 | D:3      | Noticed Terence
  1906 | D:2      | Slain by a worm

Illustrated notes

Levels and vault maps discovered:
D:1:      ncdulo_lavacross, layout_basic
D:2:      layout_loops_ring, lemuel_doored_altar
D:3:      layout_rooms, uniq_robin, uniq_terence, uniq_crazy_yiuf_cottage

Skill      XL: |  1  2  3 |
---------------+----------+-----
Armour         | 3 |  3.3
Dodging        | 1 |  1.6
Fighting       | 2 |  2.3
Shields        | 2 |  2.1
Crossbows      | |  1.0
Throwing       | |  1.0
Charms         | |  2.6

Action                   |  1- 3 |  4- 6 || total
-------------------------+-------+-------++-------
Melee: Dagger            |       |     9 ||     9
       Kick              |       |     3 ||     3
 Fire: Hand crossbow     |   134 |    19 ||   153
Throw: Dart              |       |    15 ||    15
  Eat: Chunk             |     2 |     1 ||     3
Armor: Scale mail        |    47 |     6 ||    53
Dodge: Dodged            |    34 |    12 ||    46
Block: Buckler           |    16 |     3 ||    19
